 Dungeon Crawl Stone Soup version 0.22.1-1-ga44c0e5 (webtiles) character file.

460522 lysyklops the Slayer (level 23, -4/241 HPs)
             Began as a Minotaur Fighter on Sept 22, 2018.
             Was the Champion of Okawaru.
             Slain by an Executioner (7 damage)
             ... summoned by a deep elf demonologist
             ... led by an ironheart preserver
             ... on level 5 of the Vaults on Sept 24, 2018.
             The game lasted 03:00:15 (49666 turns).

lysyklops the Slayer (Minotaur Fighter)            Turns: 49666, Time: 03:00:16

Health: -4/241     AC: 31    Str: 31    XL:     23   Next: 35%
Magic:  26/28      EV:  9    Int:  8    God:    Okawaru [******]
Gold:   2956       SH:  0    Dex: 15    Spells: 28/30 levels left

rFire    + + .     SeeInvis +   Y - +5 dire flail of the Fray {vamp, +Inv rF+ rC+}
rCold    + . .     Gourm    .   (shield currently unavailable)
rNeg     + + .     Faith    .   o - +4 plate armour "Nukkel" {+Inv Str+4 SInv Stlth+}
rPois    +         Spirit   .   W - +2 hat {MR+}
rElec    +         Reflect  .   V - scarf {repulsion}
rCorr    +         Harm     .   k - +0 pair of gloves of the Moon {rPois rN+ rCorr Dex+4}
MR       ++...                  F - +1 pair of boots of Goerph {rElec rPois Dex-5 Stlth+}
Stlth    ..........             B - amulet of Vitality {Regen+ HP+15}
HPRegen  0.90/turn              t - ring of Teasenum {rCorr rF+ rN+ SInv}
MPRegen  0.21/turn              N - +5 ring of dexterity

@: very slightly contaminated, repel missiles
A: retaliatory headbutt, horns 2
}: 2/15 runes: decaying, serpentine
a: Heroism, Finesse, Renounce Religion, Evoke Invisibility


You were on level 5 of the Vaults.
You worshipped Okawaru.
Okawaru was exalted by your worship.
You were very hungry.

You visited 8 branches of the dungeon, and saw 39 of its levels.
You visited the Abyss 1 time.
You also visited: Bailey.

You collected 5221 gold pieces.
You spent 2265 gold pieces at shops.

Inventory:

Hand Weapons
 T - a +5 eveningstar of holy wrath
 Y - the +5 dire flail of the Fray (weapon) {vamp, +Inv rF+ rC+}
   (Okawaru gifted it to you on level 3 of the Snake Pit)

   It inflicts no extra harm, but heals its wielder when it wounds a living foe.
   It protects you from fire.
   It protects you from cold.
   It lets you turn invisible.
Armour
 k - the +0 pair of gloves of the Moon (worn) {rPois rN+ rCorr Dex+4}
   (Okawaru gifted it to you on level 6 of the Lair of Beasts)

   It affects your dexterity (+4).
   It protects you from poison.
   It protects you from negative energy.
   It provides partial protection from all sources of acid and corrosion.
 o - the +4 plate armour "Nukkel" (worn) {+Inv Str+4 SInv Stlth+}
   (You found it on level 7 of the Dungeon)

   It affects your strength (+4).
   It lets you see invisible.
   It lets you turn invisible.
   It makes you more stealthy.
 F - the +1 pair of boots of Goerph (worn) {rElec rPois Dex-5 Stlth+}
   (You found it on level 2 of the Swamp)

   It affects your dexterity (-5).
   It insulates you from electricity.
   It protects you from poison.
   It makes you more stealthy.
 V - a scarf of repulsion (worn)
 W - a +2 hat of magic resistance (worn)
Jewellery
 p - an uncursed ring of protection from cold
 t - the ring of Teasenum (left hand) {rCorr rF+ rN+ SInv}
   (You found it on level 7 of the Dungeon)

   [ring of resist corrosion]

   It protects you from fire.
   It protects you from negative energy.
   It lets you see invisible.
 B - the amulet of Vitality (around neck) {Regen+ HP+15}
   (You bought it in a shop on level 2 of the Orcish Mines)

   [amulet of regeneration]

   It affects your health (+15).
   It increases your rate of regeneration.
 E - a +4 ring of protection
 N - a +5 ring of dexterity (right hand)
Wands
 c - a wand of random effects (102)
 r - a wand of polymorph (11)
 v - a wand of acid (21)
 w - a wand of paralysis (64)
 x - a wand of iceblast (29)
 y - a wand of flame (32)
 J - a wand of disintegration (33)
 P - a wand of digging (21)
 U - a wand of enslavement (13)
Scrolls
 e - 4 scrolls of amnesia
 g - 9 scrolls of enchant armour
 h - 8 scrolls of immolation
 i - 6 scrolls of magic mapping
 l - 11 scrolls of remove curse
 n - 15 scrolls of teleportation
 q - 13 scrolls of enchant weapon
 u - 2 scrolls of blinking
 z - 8 scrolls of fog
 H - 6 scrolls of fear
 K - 2 scrolls of summoning
 O - 3 scrolls of brand weapon
 Q - 2 scrolls of torment
 R - 3 scrolls of holy word
 S - 6 scrolls of identify
 X - a scroll of silence
Potions
 a - a potion of cancellation
 b - a potion of haste
 d - 9 potions of might
 j - 10 potions of brilliance
 m - 2 potions of ambrosia
 s - 5 potions of agility
 A - 8 potions of heal wounds
 C - 8 potions of flight
 D - 5 potions of berserk rage
 G - 2 potions of resistance
 I - 6 potions of mutation
 M - 7 potions of curing
 Z - a potion of invisibility
Miscellaneous
 L - a lamp of fire
Comestibles
 f - 36 rations


   Skills:
 + Level 23.1 Fighting
 + Level 23.1 Maces & Flails
 + Level 23.1 Armour
   Level 15.0 Shields
 - Level 4.0 Spellcasting
 - Level 6.4 Translocations
 - Level 8.0 Invocations
 - Level 8.0 Evocations


You had 28 spell levels left.
You knew the following spells:

 Your Spells              Type           Power        Failure   Level  Hunger
a - Blink                 Tloc           N/A          11%         2    ###....

Your spell library contained the following spells:

 Spells                   Type           Power        Failure   Level  Hunger
 Apportation              Tloc           ##....       7%          1    #......
 Gell's Gravitas          Tloc           ##........   22%         3    ###....
 Lesser Beckoning         Tloc           ##........   22%         3    ###....
 Teleport Other           Tloc           ##......     22%         3    ###....
 Shroud of Golubria       Chrm/Tloc      #.........   36%         2    ###....
 Passage of Golubria      Tloc           N/A          56%         4    #####..
 Recall                   Summ/Tloc      N/A          61%         3    ###....
 Beastly Appendage        Tmut           #.....       67%         1    #......
 Confusing Touch          Hex            #.....       67%         1    #......
 Corona                   Hex            #......      67%         1    #......
 Flame Tongue             Conj/Fire      #....        67%         1    #......
 Freeze                   Ice            #...         67%         1    #......
 Infusion                 Chrm           #...         67%         1    #......
 Magic Dart               Conj           #...         67%         1    #......
 Sandblast                Erth           #.....       67%         1    #......
 Shock                    Conj/Air       #...         67%         1    #......
 Summon Butterflies       Summ           #.......     67%         1    #......
 Call Imp                 Summ           #.......     82%         2    ###....
 Ensorcelled Hibernation  Hex/Ice        #.....       82%         2    ###....
 Passwall                 Tmut/Erth      #.......     82%         2    ###....
 Slow                     Hex            #.......     82%         2    ###....
 Song of Slaying          Chrm           #.......     82%         2    ###....
 Sticks to Snakes         Tmut           #.......     82%         2    ###....
 Swiftness                Chrm/Air       #.......     82%         2    ###....
 Throw Flame              Conj/Fire      #.....       82%         2    ###....
 Throw Frost              Conj/Ice       #.....       82%         2    ###....
 Call Canine Familiar     Summ           #.......     96%         3    ###....
 Confuse                  Hex            #.......     96%         3    ###....
 Conjure Flame            Conj/Fire      #.......     96%         3    ###....
 Dazzling Spray           Conj/Hex       #.....       96%         3    ###....
 Ignite Poison            Fire/Tmut/Pois #.......     96%         3    ###....
 Inner Flame              Hex/Fire       #.......     96%         3    ###....
 Mephitic Cloud           Conj/Pois/Air  #.......     96%         3    ###....
 Ozocubu's Armour         Chrm/Ice       #.......     96%         3    ###....
 Regeneration             Chrm/Necr      #.........   96%         3    ###....
 Spectral Weapon          Hex/Chrm       #.......     96%         3    ###....
 Spider Form              Tmut/Pois      #.........   96%         3    ###....
 Static Discharge         Conj/Air       #.......     96%         3    ###....
 Stone Arrow              Conj/Erth      #.....       96%         3    ###....
 Tukima's Dance           Hex            #.......     96%         3    ###....
 Airstrike                Air            #.........   100%        4    #####..
 Cause Fear               Hex            #.........   100%        4    #####..
 Ice Form                 Ice/Tmut       #.......     100%        4    #####..
 Leda's Liquefaction      Hex/Erth       #.........   100%        4    #####..
 Petrify                  Tmut/Erth      #.......     100%        4    #####..
 Sticky Flame             Conj/Fire      #.......     100%        4    #####..
 Summon Ice Beast         Ice/Summ       #.......     100%        4    #####..
 Throw Icicle             Conj/Ice       #.......     100%        4    #####..
 Alistair's Intoxication  Tmut/Pois      #.......     100%        5    ######.
 Aura of Abjuration       Summ           #.........   100%        5    ######.
 Blade Hands              Tmut           #.........   100%        5    ######.
 Bolt of Magma            Conj/Fire/Erth #.........   100%        5    ######.
 Fireball                 Conj/Fire      #.........   100%        5    ######.
 Iskenderun's Battlesphe  Conj/Chrm      #.......     100%        5    ######.
 Lee's Rapid Deconstruct  Erth           #.........   100%        5    ######.
 Lightning Bolt           Conj/Air       #.........   100%        5    ######.
 Metabolic Englaciation   Hex/Ice        #.........   100%        5    ######.
 Silence                  Hex/Air        #.........   100%        5    ######.
 Summon Demon             Summ           #.........   100%        5    ######.
 Summon Forest            Summ/Tloc      #.........   100%        5    ######.
 Summon Mana Viper        Hex/Summ       #.......     100%        5    ######.
 Venom Bolt               Conj/Pois      #.........   100%        5    ######.
 Yara's Violent Unravell  Hex/Tmut       #.........   100%        5    ######.
 Bolt of Fire             Conj/Fire      #.........   100%        6    #######
 Darkness                 Hex            #.........   100%        6    #######
 Deflect Missiles         Chrm/Air       #.........   100%        6    #######
 Invisibility             Hex            #.......     100%        6    #######
 Iron Shot                Conj/Erth      #.........   100%        6    #######
 Shadow Creatures         Summ           N/A          100%        6    #######
 Statue Form              Tmut/Erth      #........    100%        6    #######
 Dragon Form              Tmut           #.........   100%        7    #######
 Orb of Destruction       Conj           #.........   100%        7    #######
 Ring of Flames           Chrm/Fire      #.........   100%        7    #######
 Spellforged Servitor     Conj/Summ      #.........   100%        7    #######
 Summon Hydra             Summ           #.........   100%        7    #######
 Discord                  Hex            #.........   100%        8    #######
 Ignition                 Fire           #.........   100%        8    #######
 Dragon's Call            Summ           #.........   100%        9    #######
 Shatter                  Erth           #.........   100%        9    #######


Dungeon Overview and Level Annotations

Branches:
Dungeon (15/15)            Temple (0/1) D:5            Lair (6/6) D:10
  Swamp (4/4) Lair:4        Snake (4/4) Lair:4        Slime (0/5) Lair:6
    Orc (2/2) D:10            Elf (2/3) Orc:2        Vaults (5/5) D:13
  Crypt (0/3) Vaults:2     Depths (1/5) D:15

Altars:
Ashenzari
Elyvilon
Fedhas
Kikubaaqudgha
Makhleb
Nemelex Xobeh
Okawaru
Ru
Vehumet
Wu Jian
Xom
Yredelemnul
Zin
The Shining One
Beogh

Shops:
D:12 !   D:15 (   Orc:2 [=(*   Elf:2 =   Snake:4 *   Vaults:4 *   Vaults:5 %?

Annotations:
D:3 3 runed doors, CrazyArbalest's ghost, amateur BaHu; Jaiteiro's ghost, amateur VSFi; TheNamelessOne's ghost, amateur FoFi
Lair:3 exclusion: oklob plant


Innate Abilities, Weirdness & Mutations

You reflexively headbutt those who attack you in melee.
You have a pair of horns on your head.


Message History

Casting: Blink (safe; 11% risk of failure)
Confirm with . or Enter, or press ? or * to list all spells.
You blink.
The Executioner hits you.
* * * LOW HITPOINT WARNING * * *
The Executioner hits you but does no damage. x2
The Executioner misses you.
The Executioner hits you but does no damage. x2
The Executioner hits you.
* * * LOW HITPOINT WARNING * * *
The Executioner hits you.
* * * LOW HITPOINT WARNING * * *
The Executioner hits you but does no damage.
The Ice Fiend gestures at you. The bolt of cold hits you! You resist.
* * * LOW HITPOINT WARNING * * *
The Executioner hits you but does no damage. x5
The Executioner hits you.
* * * LOW HITPOINT WARNING * * *
The Executioner hits you!
You die...

#ee..#..4##+##..##+##..##+##..
#.)))#...#...#..#)..#..# #..
####.).)#e.p#.φ.#..#.∩.#..# #..
...#.)..#11.#####..#####..#####..
...#....#........... ..........
.......().(........ .........
##.O.....e#######################
........).11.....1§..............
................@................
#################################


You could see a Brimstone Fiend, an Ice Fiend, an Executioner and a deep elf
demonologist.

Vanquished Creatures
  Boris (Vaults:4)
  Frederick (Vaults:3)
  Nikola (Swamp:1)
  2 liches
  4 tentacled monstrosities
  Rupert (Lair:4)
  A deep elf blademaster (Elf:2)
  A quicksilver dragon (shapeshifter) (Vaults:3)
  Asterion (Vaults:2)
  Frances (Swamp:2)
  6 thorn hunters
  Kirke (Swamp:1)
  A sphinx (Vaults:2)
  A shadow dragon (Vaults:5)
  2 tengu reavers
  Agnes (Elf:2)
  Roxanne (Swamp:3)
  3 fire giants
  8 nagarajas
  The ghost of Siufri the Warrior, an adept GrFi of Qazlal (Snake:4)
  A frost giant (Vaults:3)
  2 orc warlords (Orc:1)
  2 deep elf sorcerers
  13 vault wardens
  2 ghouls
  6 ironheart preservers
  A war gargoyle (Vaults:5)
  6 stone giants
  3 deep elf demonologists
  2 entropy weavers
  A deep elf annihilator (Vaults:5)
  The ghost of Jideoff the Thaumaturge, a journeyman GnEE of Cheibriados (Lair:4)
  A crystal guardian (Vaults:4)
  5 deep elf death magi
  3 fire dragons
  6 ettins
  2 deep elf high priests
  Josephine (D:12)
  A great orb of eyes (shapeshifter) (Vaults:3)
  Erolcha (D:13)
  12 ogre magi
  8 yaktaur captains
  3 ice dragons
  3 rakshasas
  4 ghost crabs (Swamp:3)
  21 hydras
  18 vault guards
  3 catoblepae
  18 naga warriors
  20 anacondas
  3 centaur warriors
  25 alligators
  2 death knights
  4 tengu warriors
  23 two-headed ogres
  4 death yaks
  2 deep troll earth magi (Vaults:3)
  2 orc high priests (Orc:2)
  13 shock serpents
  16 naga sharpshooters
  28 dancing weapons
  18 deep elf knights
  8 skeletal warriors
  Nergalle (Lair:2)
  9 salamander mystics
  2 shadow wraiths (Vaults:4)
  4 wizards
  9 naga ritualists
  2 glowing orange brains
  20 deep elf archers
  A flayed ghost (Vaults:4)
  9 swamp dragons
  An unseen horror (D:13)
  8 lindwurms
  3 deep trolls
  12 ironbrand convokers
  Pikel (D:8)
  A harpy (D:13)
  A wolf spider zombie (D:15)
  A shambling mangrove (Swamp:1)
  A phantasmal warrior (Vaults:4)
  41 deep elf magi
  A mana viper (shapeshifter) (D:14)
  19 orc knights
  5 wolf spiders
  21 ugly things
  2 necromancers (D:11)
  21 mana vipers
  6 salamanders
  5 manticores
  9 orc sorcerers
  5 cyclopes
  11 vault sentinels
  10 elephants (Lair:6)
  5 guardian serpents (Snake:4)
  41 black mambas
  A black mamba (shapeshifter) (Vaults:3)
  4 torpor snails
  Maurice (D:12)
  23 naga magi
  A spiny frog (shapeshifter) (Vaults:1)
  10 centaur skeletons
  22 yaktaurs
  A komodo dragon (shapeshifter) (D:14)
  13 spiny frogs
  A gargoyle (D:13)
  4 kobold demonologists
  5 freezing wraiths
  2 rime drakes (Lair:6)
  4 komodo dragons
  A yaktaur (shapeshifter) (D:15)
  3 meliai
  8 trolls
  An entropy weaver simulacrum (Vaults:1)
  A tengu conjurer (D:13)
  A meliai (shapeshifter) (D:15)
  A queen bee (shapeshifter) (Vaults:1)
  9 tyrant leeches
  10 hornets
  2 trolls (shapeshifter)
  20 slime creatures
  2 dream sheep (Lair:6)
  9 blink frogs
  16 bog bodies
  9 hippogriffs
  A meliai zombie (D:13)
  A hippogriff (shapeshifter) (Vaults:2)
  4 flying skulls (D:11)
  4 shadows
  3 air elementals (Elf:1)
  10 spriggans
  14 wraiths
  2 wyverns
  A centaur simulacrum (D:14)
  Eustachio (D:5)
  2 water elementals (D:14)
  A spriggan (shapeshifter) (Vaults:3)
  35 yaks
  2 basilisks
  2 redbacks
  4 hogs (Swamp:1)
  3 fire elementals (Elf:2)
  17 vampire mosquitoes
  37 nagas
  16 swamp worms
  21 insubstantial wisps
  3 acid dragons
  4 wargs
  14 water moccasins
  12 swamp drakes
  A black bear (shapeshifter) (Vaults:4)
  6 ice beasts
  2 porcupines
  A slave (D:8)
  A hornet zombie (D:6)
  2 sky beasts
  6 necrophages
  A black bear (D:13)
  53 orc warriors
  An eye of draining (D:7)
  26 wolves
  8 centaurs
  A phantom (D:5)
  An ogre (shapeshifter) (Vaults:2)
  23 ogres
  9 boggarts
  10 crocodiles
  A big kobold (D:14)
  8 bullfrogs
  5 earth elementals (Elf:1)
  2 water moccasin zombies
  5 wyvern skeletons
  A wyvern zombie (D:11)
  6 scorpions
  A water moccasin skeleton (D:5)
  3 howler monkeys
  6 wights
  8 electric eels
  4 bullfrog zombies
  7 centaur zombies
  5 crimson imps
  12 jellies
  A gnoll shaman (D:6)
  19 orc priests
  4 bullfrog skeletons
  5 hounds
  Ijyb (D:5)
  5 iguanas
  24 orc wizards
  6 worker ants
  A killer bee zombie (D:7)
  A hound zombie (D:11)
  2 hound skeletons
  14 adders
  5 gnolls
  4 shadow imps
  3 oozes
  An adder skeleton (D:3)
  3 worms
  3 dart slugs
  11 leopard geckos
  107 orcs
  2 ball pythons (D:4)
  6 giant cockroaches
  8 goblins
  8 hobgoblins
  14 jackals
  5 quokkas
  4 bats
  6 frilled lizards
  A jackal zombie (D:6)
  8 kobolds
  2 quokka skeletons
  9 rats
  A spectral orc (D:6)
  6 briar patches
1570 creatures vanquished.

Vanquished Creatures (others)
  An ironheart preserver (Vaults:5)
  An unseen horror (D:13)
  A deep elf mage (D:13)
  A naga mage (Snake:4)
  2 orc warriors
  2 swamp drakes (Swamp:4)
  3 orc priests
  An orc wizard (Elf:1)
  12 orcs (Elf:1)
  5 fungi
  6 plants
  4 withered plants (D:3)
39 creatures vanquished.

Grand Total: 1609 creatures vanquished

Notes
Turn   | Place    | Note
-------+----------+-------------------------------------------
     0 | D:1      | lysyklops the Minotaur Fighter began the quest for the Orb.
     0 | D:1      | Reached XP level 1. HP: 19/19 MP: 0/0
   205 | D:1      | Reached XP level 2. HP: 24/27 MP: 1/1
   916 | D:2      | Reached XP level 3. HP: 21/33 MP: 2/2
  1266 | D:2      | Noticed a scorpion
  1278 | D:2      | Killed a scorpion
  1278 | D:2      | Reached XP level 4. HP: 25/41 MP: 3/3
  1465 | D:2      | Found an iron altar of Okawaru.
  1471 | D:2      | Became a worshipper of Warmaster Okawaru
  1860 | D:2      | Found a sacrificial altar of Ru.
  1894 | D:2      | Reached XP level 5. HP: 43/47 MP: 4/4
  1938 | D:3      | Found a runed gate.
  1938 | D:3      | Found a runed gate.
  1942 | D:3      | Noticed Jaiteiro's ghost (amateur VSFi)
  1942 | D:3      | Noticed TheNamelessOne's ghost (amateur FoFi)
  1942 | D:3      | Noticed CrazyArbalest's ghost (amateur BaHu)
  1943 | D:3      | Found a runed gate.
  2221 | D:3      | Found a shattered altar of Ashenzari.
  2231 | D:3      | Reached skill level 5 in Armour
  2231 | D:3      | Reached skill level 5 in Shields
  2239 | D:3      | Reached skill level 5 in Fighting
  2448 | D:3      | Found a glowing golden altar of the Shining One.
  2687 | D:4      | Reached XP level 6. HP: 27/56 MP: 5/5
  2955 | D:4      | Reached skill level 5 in Maces & Flails
  3210 | D:4      | Found a sparkling altar of Nemelex Xobeh.
  3358 | D:4      | Found an ornate altar of the Wu Jian Council.
  3375 | D:5      | Entered Level 5 of the Dungeon
  3469 | D:5      | Noticed Eustachio
  3492 | D:5      | Killed Eustachio
  3492 | D:5      | Reached * piety under Okawaru
  3492 | D:5      | Reached XP level 7. HP: 38/62 MP: 6/6
  3806 | D:5      | Learned a level 2 spell: Blink
  3846 | D:5      | Found a staircase to the Ecumenical Temple.
  3870 | D:5      | Reached ** piety under Okawaru
  3872 | D:5      | HP: 1/63 [ice beast (12)]
  4312 | D:5      | Noticed Ijyb
  4318 | D:5      | Killed Ijyb
  4318 | D:5      | Reached XP level 8. HP: 71/71 MP: 7/7
  5267 | D:6      | Found a basalt altar of Yredelemnul.
  5976 | D:6      | Reached *** piety under Okawaru
  6274 | D:7      | Reached XP level 9. HP: 73/81 MP: 8/8
  6751 | D:7      | Got a spiked plate armour
  6758 | D:7      | Got a steaming iron ring
  6781 | D:7      | Identified the +4 plate armour "Nukkel" {+Inv Str+4 SInv
                  | Stlth+} (You found it on level 7 of the Dungeon)
  6806 | D:7      | Identified the ring of Teasenum {rCorr rF+ rN+ SInv} (You
                  | found it on level 7 of the Dungeon)
  6942 | D:7      | Found a shimmering altar of Xom.
  6995 | D:7      | Found a burning altar of Makhleb.
  7184 | D:7      | Found a glowing silver altar of Zin.
  7208 | D:7      | Got an ancient flail {freeze}
  7209 | D:7      | Identified the +6 flail of Pokemey {freeze, Str+4} (You
                  | took it off an orc on level 7 of the Dungeon)
  7298 | D:8      | Found a basalt altar of Yredelemnul.
  7409 | D:8      | Found an ancient bone altar of Kikubaaqudgha.
  7443 | D:8      | Reached **** piety under Okawaru
  7638 | D:8      | Noticed Pikel
  7648 | D:8      | Killed Pikel
  8111 | D:9      | Noticed a two-headed ogre
  8122 | D:9      | Killed a two-headed ogre
  8122 | D:9      | Reached ***** piety under Okawaru
  8122 | D:9      | Reached XP level 10. HP: 91/91 MP: 9/9
  8191 | D:9      | Received a gift from Okawaru
  8701 | D:10     | Entered Level 10 of the Dungeon
  8730 | D:10     | Reached skill level 10 in Fighting
  8730 | D:10     | Reached skill level 10 in Shields
  8731 | D:10     | Reached skill level 10 in Armour
  8793 | D:10     | Found a staircase to the Orcish Mines.
  8859 | D:10     | Reached skill level 10 in Maces & Flails
  8908 | D:10     | Found a staircase to the Lair.
  8994 | D:10     | Found a white marble altar of Elyvilon.
  9346 | Lair:1   | Entered Level 1 of the Lair of Beasts
  9446 | Lair:1   | Noticed a seven-headed hydra
  9454 | Lair:1   | Killed a seven-headed hydra
  9454 | Lair:1   | Reached XP level 11. HP: 87/101 MP: 10/10
 10498 | Lair:2   | Reached skill level 1 in Invocations
 10619 | Lair:2   | Noticed Nergalle
 10619 | Lair:2   | Noticed a four-headed hydra
 10644 | Lair:2   | Killed Nergalle
 10644 | Lair:2   | Received a gift from Okawaru
 10645 | Lair:2   | Got a shimmering quarterstaff {god gift}
 10662 | Lair:2   | Killed a four-headed hydra
 11341 | Lair:3   | Noticed a four-headed hydra
 11355 | Lair:3   | Killed a four-headed hydra
 11355 | Lair:3   | Reached ****** piety under Okawaru
 11376 | Lair:3   | Noticed an oklob plant
 11414 | Lair:3   | Received a gift from Okawaru
 11536 | Lair:3   | Reached XP level 12. HP: 95/112 MP: 13/13
 11618 | Lair:3   | Received a gift from Okawaru
 12301 | Lair:4   | Found a staircase to the Snake Pit.
 12366 | Lair:4   | Noticed Rupert
 12366 | Lair:4   | Paralysed by Rupert for 4 turns
 12382 | Lair:4   | Killed Rupert
 12886 | Lair:4   | Found a runed door.
 12886 | Lair:4   | Found a shimmering altar of Xom.
 12886 | Lair:4   | Noticed Jideoff's ghost (journeyman GnEE)
 13759 | Lair:4   | Killed Jideoff's ghost
 13879 | Lair:4   | Received a gift from Okawaru
 13879 | Lair:4   | Reached skill level 5 in Invocations
 14151 | Lair:4   | Got a slimy morningstar {god gift}
 14152 | Lair:4   | Identified the +2 morningstar of the Special Songs {freeze,
                  | +Inv rPois rF- SInv} (Okawaru gifted it to you on level 4
                  | of the Lair of Beasts)
 14210 | Lair:4   | Found a staircase to the Swamp.
 15105 | Lair:6   | Entered Level 6 of the Lair of Beasts
 15117 | Lair:6   | Noticed a death yak
 15137 | Lair:5   | Killed a death yak
 15514 | Lair:6   | Found a staircase to the Slime Pits.
 15519 | Lair:6   | Received a gift from Okawaru
 15866 | Lair:6   | Reached XP level 13. HP: 112/119 MP: 16/16
 15868 | Lair:6   | Reached skill level 5 in Translocations
 15868 | Lair:6   | Reached XP level 14. HP: 120/127 MP: 17/17
 15926 | Lair:6   | Received a gift from Okawaru
 17974 | D:11     | Reached skill level 1 in Evocations
 18605 | Orc:1    | Entered Level 1 of the Orcish Mines
 18717 | Orc:1    | Found a roughly hewn altar of Beogh.
 18907 | Orc:2    | Entered Level 2 of the Orcish Mines
 18907 | Orc:2    | Noticed an orc warlord
 19171 | Orc:1    | Received a gift from Okawaru
 19184 | Orc:1    | Killed an orc warlord
 19420 | Orc:1    | Got an iridescent flail {god gift}
 19421 | Orc:1    | Identified the +9 flail of Wuulisch {crush, Stlth+}
                  | (Okawaru gifted it to you on level 1 of the Orcish Mines)
 19496 | Orc:2    | Reached XP level 15. HP: 125/138 MP: 20/20
 19604 | Orc:2    | Noticed an orc warlord
 19753 | Orc:1    | Killed an orc warlord
 20033 | Orc:2    | Found a roughly hewn altar of Beogh.
 20203 | Orc:2    | Found Zeqero's General Store.
 20348 | Orc:2    | Found a staircase to the Elven Halls.
 20473 | Orc:2    | Found Lusiunla's Antique Weapon Shop.
 20488 | Orc:2    | Found Vumeatt's Antique Armour Shop.
 20504 | Orc:2    | Found Kofoal's Jewellery Shop.
 20511 | Orc:2    | Bought the amulet of Vitality {Regen+ HP+15} for 948 gold
                  | pieces
 20511 | Orc:2    | Found the amulet of Vitality {Regen+ HP+15}
 21217 | D:12     | Noticed Maurice
 21233 | D:12     | Killed Maurice
 21323 | D:12     | Received a gift from Okawaru
 21385 | D:12     | Found Laymoe's Distillery.
 21391 | D:12     | Bought a potion of heal wounds for 50 gold pieces
 21391 | D:12     | Bought a potion of heal wounds for 50 gold pieces
 21391 | D:12     | Bought a potion of heal wounds for 50 gold pieces
 21391 | D:12     | Bought a potion of heal wounds for 50 gold pieces
 21391 | D:12     | Bought a potion of heal wounds for 50 gold pieces
 21829 | D:12     | Found a flagged portal.
 21840 | Bailey   | Entered a bailey
 22351 | Bailey   | Reached XP level 16. HP: 147/147 MP: 21/21
 22492 | D:13     | Noticed Josephine
 22494 | D:13     | Noticed Erolcha
 22512 | D:12     | Killed Josephine
 22548 | D:13     | Killed Erolcha
 22978 | D:13     | Found a gate to the Vaults.
 23069 | D:13     | Found a blossoming altar of Fedhas.
 24137 | D:15     | Entered Level 15 of the Dungeon
 24283 | D:15     | Paralysed by an ogre mage for 3 turns
 24400 | D:15     | Reached skill level 15 in Armour
 24407 | D:15     | Reached skill level 15 in Fighting
 24416 | D:15     | Reached skill level 15 in Shields
 24543 | D:15     | Received a gift from Okawaru
 24552 | D:15     | Got a scorched plate armour {god gift}
 24564 | D:15     | Identified the +0 plate armour of Untold Secrets {Int+5
                  | Slay+3} (Okawaru gifted it to you on level 15 of the
                  | Dungeon)
 24601 | D:15     | Reached skill level 15 in Maces & Flails
 24602 | D:15     | Found a staircase to the Depths.
 24643 | D:15     | Found Mepawus's Weapon Shoppe.
 25436 | Elf:1    | Entered Level 1 of the Elven Halls
 25465 | Elf:1    | Reached XP level 17. HP: 152/156 MP: 22/22
 25580 | Elf:1    | Found a radiant altar of Vehumet.
 25767 | Elf:1    | Paralysed by an orc sorcerer for 4 turns
 26524 | Elf:1    | Received a gift from Okawaru
 26794 | Elf:1    | Noticed a Hell Sentinel
 27241 | Elf:1    | Got a slimy chain mail
 27252 | Elf:1    | Identified the +1 chain mail of Har Ugub {Int+5} (You found
                  | it on level 1 of the Elven Halls)
 27270 | Elf:1    | Cast into level 2 of the Abyss (a deep elf demonologist)
 27294 | Elf:1    | Escaped the Abyss
 27611 | Depths:1 | Entered Level 1 of the Depths
 27982 | Swamp:1  | Entered Level 1 of the Swamp
 28014 | Lair:4   | Received a gift from Okawaru
 28025 | Lair:4   | Got a dazzling chain mail {god gift}
 28037 | Lair:4   | Identified the +1 chain mail of Repulsion {rElec MR++}
                  | (Okawaru gifted it to you on level 4 of the Lair of Beasts)
 28081 | Lair:4   | Reached skill level 1 in Spellcasting
 28645 | Swamp:1  | Noticed Kirke
 28948 | Swamp:1  | Killed Kirke
 28970 | Swamp:2  | Noticed Nikola
 29003 | Swamp:1  | Killed Nikola
 29503 | Swamp:2  | Noticed Frances
 29534 | Swamp:2  | Killed Frances
 29673 | Swamp:2  | Received a gift from Okawaru
 29676 | Swamp:2  | Got a transparent chain mail {god gift}
 29687 | Swamp:2  | Identified the +0 chain mail "Musho" {Int+2 Dex+5 Stlth-}
                  | (Okawaru gifted it to you on level 2 of the Swamp)
 30121 | Swamp:3  | Found a radiant altar of Vehumet.
 30136 | Swamp:3  | Noticed Roxanne
 30141 | Swamp:3  | Reached XP level 18. HP: 169/169 MP: 23/23
 30628 | Swamp:3  | Killed Roxanne
 31142 | Swamp:4  | Entered Level 4 of the Swamp
 32326 | Swamp:4  | Received a gift from Okawaru
 32806 | Swamp:4  | Got a decaying rune of Zot
 33797 | Lair:6   | Got a pair of steaming gloves {god gift}
 33808 | Lair:6   | Identified the +0 pair of gloves of the Moon {rPois rN+
                  | rCorr Dex+4} (Okawaru gifted it to you on level 6 of the
                  | Lair of Beasts)
 33867 | Snake:1  | Entered Level 1 of the Snake Pit
 33909 | Snake:1  | Received a gift from Okawaru
 34988 | Snake:1  | Reached XP level 19. HP: 105/181 MP: 24/24
 36039 | Snake:3  | Found an ornate altar of the Wu Jian Council.
 36092 | Snake:3  | Received a gift from Okawaru
 36267 | Snake:3  | Got a warped dire flail {god gift}
 36275 | Snake:3  | Identified the +5 dire flail of the Fray {vamp, +Inv rF+
                  | rC+} (Okawaru gifted it to you on level 3 of the Snake Pit)
 36799 | Snake:4  | Entered Level 4 of the Snake Pit
 37317 | Snake:4  | Found Eikhahos's Eclectic Emporium.
 37323 | Snake:4  | Bought a potion of experience for 850 gold pieces
 37323 | Snake:4  | Bought a scroll of enchant weapon for 127 gold pieces
 37420 | Snake:4  | Reached XP level 20. HP: 191/191 MP: 17/25
 37472 | Snake:4  | Received a gift from Okawaru
 37636 | Snake:4  | Found a runed door.
 37637 | Snake:4  | Noticed Siufri's ghost (adept GrFi)
 37678 | Snake:4  | Killed Siufri's ghost
 37907 | Snake:4  | Found a shimmering altar of Xom.
 38060 | Snake:4  | Found a white marble altar of Elyvilon.
 38447 | Snake:4  | Received a gift from Okawaru
 38888 | Snake:4  | Received a gift from Okawaru
 39158 | Snake:4  | Reached XP level 21. HP: 201/201 MP: 16/26
 39395 | Snake:4  | Got a serpentine rune of Zot
 40429 | Elf:2    | Found Ytayl's Jewellery Shoppe.
 40440 | Elf:2    | Noticed Agnes
 40444 | Elf:2    | Killed Agnes
 40688 | Elf:2    | Found a runed gate.
 40690 | Elf:2    | Found a runed gate.
 40690 | Elf:2    | Found a runed gate.
 41745 | Vaults:1 | Entered Level 1 of the Vaults
 41962 | Vaults:1 | Received a gift from Okawaru
 42396 | Swamp:2  | Got a pair of crude boots
 42402 | Swamp:2  | Identified the +1 pair of boots of Goerph {rElec rPois
                  | Dex-5 Stlth+} (You found it on level 2 of the Swamp)
 43960 | Vaults:1 | You fall through a shaft!
 44375 | Vaults:2 | Found an ancient bone altar of Kikubaaqudgha.
 44382 | Vaults:2 | Found a staircase to the Crypt.
 44388 | Vaults:2 | Received a gift from Okawaru
 44411 | Vaults:2 | Found a basalt altar of Yredelemnul.
 44521 | Vaults:2 | Noticed Asterion
 44555 | Vaults:2 | Killed Asterion
 44559 | Vaults:2 | Reached XP level 22. HP: 148/213 MP: 27/27
 44910 | Vaults:1 | Found a radiant altar of Vehumet.
 44929 | Vaults:1 | Identified the +1 hat "Qiarph" {rPois rCorr Str-2} (You
                  | found it on level 1 of the Vaults)
 46165 | Vaults:3 | Noticed Frederick
 46219 | Vaults:3 | Killed Frederick
 46469 | Vaults:3 | Received a gift from Okawaru
 47648 | Vaults:4 | Found Idoening's Assorted Antiques.
 47766 | Vaults:4 | Noticed Boris
 47781 | Vaults:4 | Killed Boris
 48418 | Vaults:4 | Received a gift from Okawaru
 48754 | Vaults:5 | Entered Level 5 of the Vaults
 48764 | Vaults:5 | Reached XP level 23. HP: 203/225 MP: 28/28
 48971 | Vaults:5 | Found Wabruff's Magic Scroll Emporium.
 49124 | Vaults:5 | Bought a scroll of silence for 90 gold pieces
 49136 | Vaults:5 | Found Caumaqen's Food Shop.
 49665 | Vaults:5 | HP: 8/241 [Ice Fiend/bolt of cold[an ironheart preserver]
                  | (21)]
 49666 | Vaults:5 | HP: 3/241 [Executioner[an ironheart preserver] (6)]
 49666 | Vaults:5 | Slain by an Executioner

Skill      XL: |  1  2  3  4  5  6  7  8  9 10 11 12 13 14 15 16 17 18 19 20 21 22 23 |
---------------+----------------------------------------------------------------------+-----
Maces & Flails | 3 4 5 6 7 9 10 11 12 13 14 15 16 18 19 20 21 22 23 | 23.1
Shields        | 4 5 6 7 9 10 11 12 14 15 | 15.0
Fighting       | 4 5 6 7 9 10 11 12 14 15 17 18 19 20 21 22 23 | 23.1
Armour         | 4 5 6 7 9 10 11 12 14 15 17 18 19 20 21 22 23 | 23.1
Invocations    | 3 6 8 |  8.0
Translocations | 5 6 |  6.4
Evocations     | 2 6 8 |  8.0
Spellcasting   | 3 4 |  4.0

Action                   |  1- 3 |  4- 6 |  7- 9 | 10-12 | 13-15 | 16-18 | 19-21 | 22-24 || total
-------------------------+-------+-------+-------+-------+-------+-------+-------+-------++-------
Melee: Flail             |    79 |   191 |   188 |   294 |   337 |   294 |       |       ||  1383
       Headbutt          |    10 |    39 |    63 |   109 |   208 |   385 |   435 |   383 ||  1632
       Mace              |       |       |    99 |       |       |       |       |       ||    99
       Eveningstar       |       |       |       |   197 |   481 |  1406 |   165 |       ||  2249
       Dire flail        |       |       |       |       |       |       |  1369 |  1057 ||  2426
 Cast: Blink             |       |       |       |       |       |     2 |       |     2 ||     4
Invok: Heroism           |       |       |     1 |       |       |       |       |       ||     1
  Use: Scroll            |       |       |    10 |     8 |     7 |     9 |     2 |     4 ||    40
       Potion            |       |       |       |     1 |     3 |     3 |     2 |     1 ||    10
 Stab: Petrified         |       |       |       |       |     1 |       |       |       ||     1
  Eat: Chunk             |     1 |     7 |     6 |    12 |    16 |    25 |     7 |     9 ||    83
       Ration            |       |       |     3 |     3 |     2 |     5 |     9 |     2 ||    24
Armor: Scale mail        |    32 |    93 |   101 |       |       |       |       |       ||   226
       Plate armour      |       |       |    18 |   243 |   347 |   851 |   981 |   648 ||  3088
       Chain mail        |       |       |     1 |       |       |       |       |       ||     1
Dodge: Dodged            |    28 |    58 |    73 |    90 |   226 |   376 |   415 |   297 ||  1563
       Deflected         |       |       |       |       |     4 |    38 |   107 |    22 ||   171
Block: Shield            |    33 |   114 |   160 |   261 |   578 |  1167 |    99 |       ||  2412
